 Dungeon Crawl Stone Soup version 0.27.1-4-g1640c2035a (webtiles) character file.

Game seed: 4972572024510790614

111 Turgor the Sneak (level 4, -2/31 HPs)
             Began as an Octopode Brigand on Nov 1, 2021.
             Slain by an orc (3 damage)
             ... on level 3 of the Dungeon.
             The game lasted 00:19:42 (2395 turns).

Turgor the Sneak (Octopode Brigand)                 Turns: 2395, Time: 00:19:42

Health: -2/31      AC:  1    Str: 10    XL:     4   Next: 92%
Magic:  4/4        EV: 13    Int: 14    God:
Gold:   98         SH:  0    Dex: 13    Spells: 2/3 levels left

rFire    . . .     SeeInvis .   a - +2 dagger
rCold    . . .     Faith    .   (no shield)
rNeg     . . .     Spirit   .   (helmet restricted)
rPois    .         Reflect  .   (no amulet)
rElec    .         Harm     .   (no ring)
rCorr    .         Rampage  .   (no ring)
Will     .....                  (no ring)
Stlth    ++++......             (no ring)
HPRegen  0.10/turn              (no ring)
MPRegen  0.09/turn              (no ring)
                                (no ring)
                                (no ring)

@: mighty
A: almost no armour, amphibious, 8 rings, camouflage 1, gelatinous body 1,
(nimble swimmer 1), tentacles
a: no special abilities


You were on level 3 of the Dungeon.
You visited 1 branch of the dungeon, and saw 3 of its levels.

You collected 98 gold pieces.

Inventory:

Hand Weapons
 a - a +2 dagger (weapon)
 i - a +0 hunting sling
 k - a +0 mace of draining
Missiles
 b - 7 poisoned darts (quivered)
 c - 2 curare-tipped darts
 j - 2 stones
Wands
 l - a wand of polymorph (12)
Scrolls
 f - a scroll of fog {unknown}
 h - 2 scrolls of amnesia {unknown}
 n - a scroll of torment {unknown}
Potions
 e - a potion of lignification {unknown}
 g - a potion of degeneration {unknown}
 m - a potion of brilliance {unknown}


   Skills:
 + Level 3.0 Fighting
 + Level 2.7 Short Blades
 - Level 2.0 Throwing
 + Level 2.5 Dodging
 + Level 6.1 Stealth


You had 2 spell levels left.
You knew the following spells:

 Your Spells              Type           Power      Damage    Failure   Level
a - Sandblast             Erth           0%         2d4       28%         1

Your spell library contained the following spells:

 Spells                   Type           Power      Damage    Failure   Level
 Corpse Rot               Necr/Air       N/A        N/A       41%         2
 Frozen Ramparts          Ice            0%         1d2       65%         3
 Summon Lightning Spire   Summ/Air       0%         N/A       96%         4
 Lightning Bolt           Conj/Air       0%         1d11      100%        5


Dungeon Overview and Level Annotations

Branches:
Dungeon (3/15)

Altars:
Sif Muna

Shops:
D:1 (


Innate Abilities, Weirdness & Mutations

You cannot wear most types of armour.
You are amphibious.
You can wear up to eight rings at the same time.
Your skin changes colour to match your surroundings (Stealth+).
Your rubbery body absorbs attacks. (AC +1, EV +1)
((You are camouflaged near water. (Stealth+)))
You have tentacles for arms and can constrict up to eight enemies at once.


Message History

You constrict the ball python.
You kill the ball python!
An orc wizard comes into view. It is wielding a +0 dagger.
Found a dagger.
The orc wizard shouts!
You hear a shout! x4
A rat comes into view.
The orc wizard casts a spell at you. The magic dart hits you!
An orc comes into view. It is wielding a +0 dagger.
An orc comes into view. It is wielding a +0 hand axe.
The orc wizard closely misses you.
You hit the orc wizard. Your grab misses the orc wizard.
The orc wizard is lightly wounded.
You hit the orc wizard. Your grab misses the orc wizard.
The orc wizard is lightly wounded.
The orc wizard barely misses you.
You hit the orc wizard. Your grab misses the orc wizard.
The orc wizard is moderately wounded.
The orc hits you but does no damage.
You hit the orc wizard. Your grab misses the orc wizard.
The orc wizard is moderately wounded.
The orc wizard hits you with a +0 dagger.
The orc closely misses you.
You closely miss the orc wizard. Your grab misses the orc wizard.
Your squeeze misses the orc wizard.
The orc wizard is moderately wounded.
The orc wizard hits you with a +0 dagger.
An orc priest comes into view. It is wielding a +0 hand axe.
You hit the orc wizard. Your grab misses the orc wizard.
The orc wizard is severely wounded.
The orc wizard hits you with a +0 dagger.
The orc priest calls down the wrath of Beogh upon you.
Beogh smites you!
* * * LOW HITPOINT WARNING * * *
The orc wizard hits you with a +0 dagger.
* * * LOW HITPOINT WARNING * * *
It was a potion of might.
You feel very mighty all of a sudden. The orc hits you with a +0 hand axe.
You die...

############ ..........+
####### #........# . .
.....###<.......#.......
....#.#.#o#.#......#.......
...).oroo.@.....†#.#.. ....
....#.##+##.#....#.#.# #...
. .. #...##.#.#.# #... #..
+.#.##.#.#.# #... ##
#..###.#.#.###...
#.#..........'...
.....####.#.###...
.#.#........# #...
#......####..# #...


You could see an orc priest, an orc wizard, 2 orcs and a rat.

Vanquished Creatures
  Crazy Yiuf (D:2)
  Jessica (D:3)
  2 adders (D:2)
  2 dart slugs (D:1)
  3 ball pythons
  3 endoplasms
  4 goblins
  4 hobgoblins
  3 quokkas
  4 bats
  3 kobolds
  3 rats
33 creatures vanquished.

Notes
Turn   | Place    | Note
-------+----------+-------------------------------------------
     0 | D:1      | Turgor the Octopode Brigand began the quest for the Orb.
     0 | D:1      | Reached XP level 1. HP: 14/14 MP: 1/1
   126 | D:1      | Found Ideimpycs's Weapon Shoppe.
   152 | D:1      | Reached XP level 2. HP: 17/19 MP: 2/2
  1017 | D:2      | Found a faded altar of an unknown god.
  1024 | D:2      | Got Plato's Disquisition on the Rocks
  1027 | D:2      | Learned a level 1 spell: Sandblast
  1214 | D:2      | Reached XP level 3. HP: 25/25 MP: 3/3
  1222 | D:2      | Got the Almanac of Icy Air
  1453 | D:2      | Found a shimmering blue altar of Sif Muna.
  1618 | D:2      | Reached skill level 6 in Stealth
  1657 | D:2      | Found a runed translucent door.
  1658 | D:2      | Noticed Crazy Yiuf
  2196 | D:2      | Killed Crazy Yiuf
  2197 | D:2      | Reached XP level 4. HP: 30/30 MP: 4/4
  2318 | D:3      | Noticed Jessica
  2323 | D:3      | Killed Jessica
  2392 | D:3      | HP: 1/31 [orc wizard (4)]
  2395 | D:3      | Slain by an orc

Illustrated notes

Levels and vault maps discovered:
D:1:      dpeg_arrival_oval, layout_basic, serial_shops, shop
D:2:      layout_basic, shapermc_ecumenical_altar_rom_forum, basic_altar,
          uniq_crazy_yiuf_cottage
D:3:      layout_basic, minmay_misc_feat_chi, minmay_misc_feat_doors,
          minmay_statues_item, uniq_jessica

Skill      XL: |  1  2  3  4 |
---------------+-------------+-----
Dodging        | 2 |  2.5
Stealth        | 6 |  6.1
Fighting       | 3 |  3.0
Short Blades   | |  2.7
Throwing       | |  2.0

Action                   |  1- 3 |  4- 6 || total
-------------------------+-------+-------++-------
Melee: Dagger            |    42 |    12 ||    54
       Constrict         |     8 |     1 ||     9
       Tentacles         |     3 |       ||     3
Throw: Dart              |     4 |       ||     4
  Use: Potion            |       |     1 ||     1
 Stab: Sleeping          |    14 |     2 ||    16
Armor: Skin              |       |     1 ||     1
Dodge: Dodged            |    12 |     4 ||    16
